 Dungeon Crawl Stone Soup version 0.24-a0-235-g3f03afcf10 (webtiles) character file.

Game seed: 14108684925333324248

352 Redear the Shield-Bearer (level 6, -3/44 HPs)
             Began as an Octopode Fighter on Apr 8, 2019.
             Slain by an iguana (12 damage)
             ... on level 5 of the Dungeon.
             The game lasted 00:08:49 (2598 turns).

Redear the Shield-Bearer (Octopode Fighter)         Turns: 2598, Time: 00:08:49

Health: -3/44      AC:  1    Str: 15    XL:     6   Next: 62%
Magic:  6/6        EV: 15    Int: 11    God:
Gold:   175        SH:  0    Dex: 13    Spells: 5/5 levels left

rFire    + . .     SeeInvis .   s - +0 short sword (drain)
rCold    . . .     Gourm    .   (no shield)
rNeg     . . .     Faith    .   (helmet restricted)
rPois    .         Spirit   .   (no amulet)
rElec    .         Reflect  .   f - ring of protection from fire {rF+}
rCorr    .         Harm     .   (no ring)
MR       .....                  (no ring)
Stlth    ++........             (no ring)
HPRegen  0.14/turn              (no ring)
MPRegen  0.10/turn              (no ring)
                                (no ring)
                                (no ring)

@: no status effects
A: almost no armour, stealthy swim, amphibious, 8 rings, constrict 8, camouflage
1, gelatinous body 1
a: no special abilities


You were on level 5 of the Dungeon.
You were very hungry.

You visited 1 branch of the dungeon, and saw 5 of its levels.

You collected 175 gold pieces.

Inventory:

Hand Weapons
 a - a +0 long sword
 i - a +0 hunting sling
 s - a +0 short sword of draining (weapon)
Missiles
 k - 24 bolts
 l - 132 stones (quivered)
 n - 7 needles of sleeping
 t - 19 arrows
 w - 3 needles of paralysis
 x - 12 poisoned needles
 B - 17 sling bullets
Armour
 b - a +0 shield
Magical Staves
 A - an uncursed staff of summoning
Jewellery
 f - a ring of protection from fire (left tentacle) {rF+}
Wands
 P - a wand of paralysis (6)
Scrolls
 d - 2 scrolls of enchant weapon {unknown}
 g - 5 scrolls of identify {unknown}
 h - 2 scrolls of amnesia {unknown}
 j - a scroll of enchant armour {unknown}
 m - 2 scrolls of teleportation {unknown}
 o - 6 scrolls of noise {unknown}
 v - 2 scrolls of remove curse {unknown}
 y - a scroll of fear {unknown}
 D - a scroll of magic mapping {unknown}
Potions
 c - a potion of might {Str+5 DMG+1d10 | @q3}
 e - a potion of brilliance {unknown}
 p - a potion of degeneration {unknown}
 q - 2 potions of curing {unknown}
 r - a potion of flight {unknown}
 u - a potion of ambrosia {unknown}
 C - a potion of berserk rage {unknown}
Comestibles
 z - 10 rations


   Skills:
 + Level 4.3 Fighting
 + Level 3.7 Long Blades
 + Level 4.3 Dodging
 + Level 4.4 Shields


You had 5 spell levels left.
You didn't know any spells.
Your spell library was empty.

Dungeon Overview and Level Annotations

Branches:
Dungeon (5/15)
 Temple: D:4-7

Altars:
Wu Jian


Innate Abilities, Weirdness & Mutations

You cannot wear most types of armour.
You are very stealthy in the water. (Stealth+)
You are amphibious.
You can wear up to eight rings at the same time.
You can use your tentacles to constrict eight enemies at once.
Your skin changes colour to match your surroundings (Stealth+).
Your rubbery body absorbs attacks. (AC +1, EV +1)


Message History

You kill the worker ant!
You barely miss the iguana. Your grab misses the iguana. You hit the iguana.
Your grab misses the iguana.
The iguana is lightly wounded.
The iguana closely misses you.
You hit the iguana. Your grab misses the iguana.
You squeeze the iguana, but do no damage.
The iguana is moderately wounded.
The iguana closely misses you.
You closely miss the iguana. You grab the iguana.
You squeeze the iguana, but do no damage.
The iguana is moderately wounded.
You constrict the iguana, but do no damage.
The iguana bites you!
* * * LOW HITPOINT WARNING * * *
You take 8 damage, and have 9/44 hp.
You barely miss the iguana.
The iguana is moderately wounded.
You constrict the iguana. The iguana bites you!
You die...

...##'## ######.#
#.# # ##.##
....#...##
#......####
#.#.......#
#.#..####.#####.⌠.
..........@l...8.8
##.#..####.########
#.#..# #.# . #...
..# # ##. ####


You could see an iguana.

Vanquished Creatures
  An ogre (D:4)
  An orc wizard (D:3)
  2 jellies
  2 worker ants
  4 adders
  2 oozes (D:3)
  An adder skeleton (D:4)
  3 worms (D:3)
  3 leopard geckos
  7 orcs (D:3)
  A giant cockroach (D:4)
  9 goblins
  4 hobgoblins
  5 jackals
  5 kobolds
  2 quokkas (D:3)
  6 bats
  6 frilled lizards
  A leopard gecko skeleton (D:4)
  A leopard gecko zombie (D:5)
  6 rats
72 creatures vanquished.

Notes
Turn   | Place    | Note
-------+----------+-------------------------------------------
     0 | D:1      | Redear the Octopode Fighter began the quest for the Orb.
     0 | D:1      | Reached XP level 1. HP: 16/16 MP: 1/1
   113 | D:1      | Reached XP level 2. HP: 15/21 MP: 2/2
   839 | D:2      | Found an ornate altar of the Wu Jian Council.
  1083 | D:3      | Reached XP level 3. HP: 19/26 MP: 3/3
  1086 | D:3      | Reached XP level 4. HP: 21/31 MP: 4/4
  1181 | D:3      | Reached skill level 3 in Long Blades
  1194 | D:3      | Reached XP level 5. HP: 19/37 MP: 5/5
  1643 | D:3      | Reached skill level 4 in Shields
  1929 | D:4      | Noticed an ogre
  1967 | D:4      | Killed an ogre
  1967 | D:4      | Reached skill level 4 in Fighting
  1967 | D:4      | Reached skill level 4 in Dodging
  1967 | D:4      | Reached XP level 6. HP: 24/43 MP: 6/6
  2549 | D:5      | Entered Level 5 of the Dungeon
  2598 | D:5      | Slain by an iguana

Levels and vault maps discovered:
D:1:      wander_arrival_lonely_grave, layout_loops_ring
D:2:      layout_rooms, old_standard_altar
D:3:      layout_basic, first_ration, minmay_misc_feat_square, st_stairs_2
D:4:      minmay_spotlight, layout_cave_pools, bh_chokoban
D:5:      layout_loops_corners, kennysheep_mini_moat,
          minmay_temple_entry_glassed_door, serial_shops,
          nicolae_shop_temple_entry_statues_fountains, shop, nicolae_shop_stone,
          shop, uniq_crazy_yiuf_cottage, uniq_edmund, uniq_sigmund, uniq_duvessa

Skill      XL: |  1  2  3  4  5 |
---------------+----------------+-----
Long Blades    | 3 |  3.7
Shields        | 4 |  4.4
Fighting       | 4 |  4.3
Dodging        | 4 |  4.3

Action                   |  1- 3 |  4- 6 || total
-------------------------+-------+-------++-------
Melee: Long sword        |    39 |    11 ||    50
       Constrict         |    12 |    22 ||    34
       Tentacles         |     9 |    22 ||    31
       Short sword       |       |    86 ||    86
 Stab: Sleeping          |     3 |     6 ||     9
  Eat: Chunk             |       |     4 ||     4
Armor: Skin              |     2 |     6 ||     8
Dodge: Dodged            |    19 |    64 ||    83
Block: Shield            |     1 |       ||     1
       Rpst.: Long sword |     4 |       ||     4

Table legend:
 A = Non-vault XP
 B = Vault XP
 C = Vault XP percentage of total XP
 D = Non-vault monster count
 E = Vault monster count
 F = Vault count percentage of total count
                 A         B        C        D         E       F
            +---------+---------+-------+---------+---------+-------
      Total |     459 |      45 |   8.9 |      68 |       4 |   5.6
            +---------+---------+-------+---------+---------+-------
        D:1 |      28 |       0 |   0.0 |      18 |       0 |   0.0
        D:2 |       5 |       0 |   0.0 |       4 |       0 |   0.0
        D:3 |     204 |      10 |   4.7 |      37 |       2 |   5.1
        D:4 |     132 |      35 |  21.0 |       5 |       2 |  28.6
        D:5 |      90 |       0 |   0.0 |       4 |       0 |   0.0
            +---------+---------+-------+---------+---------+-------
